 Dungeon Crawl Stone Soup version 0.24-a0-274-gb3763e6 (webtiles) character file.

Game seed: 10207960260098418131

113 Ijustatesigmund the Cudgeler (level 4, -1/31 HPs)
             Began as an Octopode Fighter on Apr 26, 2019.
             Killed by divine providence
             ... invoked by an orc priest
              (14 damage)
             ... on level 4 of the Dungeon.
             The game lasted 00:04:01 (2293 turns).

Ijustatesigmund the Cudgeler (Octopode Fighter)     Turns: 2293, Time: 00:04:02

Health: -1/31      AC:  1    Str: 20    XL:     4   Next: 96%
Magic:  4/4        EV: 11    Int: 10    God:
Gold:   149        SH:  9    Dex: 12    Spells: 3/3 levels left

rFire    . . .     SeeInvis .   a - +0 flail
rCold    . . .     Gourm    .   b - +0 shield
rNeg     . . .     Faith    .   (helmet restricted)
rPois    .         Spirit   .   (no amulet)
rElec    .         Reflect  .   (no ring)
rCorr    .         Harm     .   (no ring)
MR       .....                  (no ring)
Stlth    ++........             (no ring)
HPRegen  0.10/turn              (no ring)
MPRegen  0.09/turn              (no ring)
                                (no ring)
                                (no ring)

@: mighty
A: almost no armour, stealthy swim, amphibious, 8 rings, constrict 8, camouflage
1, gelatinous body 1
a: no special abilities


You were on level 4 of the Dungeon.
You were very hungry.

You visited 1 branch of the dungeon, and saw 4 of its levels.

You collected 149 gold pieces.

Inventory:

Hand Weapons
 a - a +0 flail (weapon)
Missiles
 g - a throwing net (quivered)
Armour
 b - a +0 shield (worn)
Jewellery
 h - an uncursed ring of stealth {unknown}
 k - an uncursed ring of positive energy {unknown}
Scrolls
 e - 5 scrolls of identify
 m - a scroll of random uselessness
Potions
 f - a potion of resistance {unknown}
 i - a potion of invisibility {unknown}
 j - a potion of curing
Comestibles
 d - 4 rations


   Skills:
 + Level 3.3 Fighting
 + Level 4.7 Maces & Flails
 - Level 3.0 Dodging
 - Level 3.0 Shields


You had 3 spell levels left.
You didn't know any spells.
Your spell library was empty.

Dungeon Overview and Level Annotations

Branches:
Dungeon (4/15)
 Temple: D:4-7

Altars:


Innate Abilities, Weirdness & Mutations

You cannot wear most types of armour.
You are very stealthy in the water. (Stealth+)
You are amphibious.
You can wear up to eight rings at the same time.
You can use your tentacles to constrict eight enemies at once.
Your skin changes colour to match your surroundings (Stealth+).
Your rubbery body absorbs attacks. (AC +1, EV +1)


Message History

As you read the scroll labeled ZONAABE DUFEI, it crumbles to dust.
You experience a momentary feeling of inescapable doom!
It was a scroll of random uselessness.
You feel very mighty all of a sudden. You block the orc wizard's attack.
The orc wizard barely misses you. You block the orc priest's attack.
The orc priest hits you with a +0 falchion.
The frilled lizard unfolds its giant frill.
You closely miss the orc priest. Your grab misses the orc priest.
Your squeeze misses the orc priest. You block the orc wizard's attack.
You block the orc's attack. The orc priest hits you. The orc priest misses you.
The orc wizard points at you and mumbles some strange words.
The magic dart hits you!
You closely miss the orc priest. You grab the orc priest.
You constrict the orc priest.
The orc wizard hits you with a +0 dagger.
The orc barely misses you.
The orc priest calls down the wrath of Beogh upon you.
Beogh smites you!
You die...

...#....... .......
............##.......
...........[.#....##.
#.........#...).......
#.........#...........
.##......#..#..(.##.#...
.........#......l##.....
...............ooo..#
...............o@..##
##.................#
.....##....#######.....
.......##### #####
####..<# #.....8....
##..#...#.. ...#####
.....


You could see 2 orc priests, an orc wizard, an orc and a frilled lizard.

Vanquished Creatures
  A worker ant (D:2)
  An ooze (D:2)
  5 worms
  2 dart slugs
  A leopard gecko (D:2)
  3 orcs
  2 giant cockroaches
  9 goblins
  5 hobgoblins
  4 jackals (D:2)
  5 quokkas (D:2)
  A ball python (D:3)
  4 bats
  3 frilled lizards
  7 kobolds
  8 rats
61 creatures vanquished.

Notes
Turn   | Place    | Note
-------+----------+-------------------------------------------
     0 | D:1      | Ijustatesigmund the Octopode Fighter began the quest for
                  | the Orb.
     0 | D:1      | Reached XP level 1. HP: 16/16 MP: 1/1
   191 | D:1      | Reached XP level 2. HP: 21/21 MP: 2/2
   340 | D:1      | Reached skill level 3 in Maces & Flails
   692 | D:2      | Reached XP level 3. HP: 26/26 MP: 3/3
   783 | D:2      | Found a faded altar of an unknown god.
  1175 | D:2      | Reached skill level 4 in Maces & Flails
  1310 | D:2      | Reached XP level 4. HP: 23/31 MP: 4/4
  2293 | D:4      | Killed from afar by an orc priest

Levels and vault maps discovered:
D:1:      sevenhm_arrival_forest_fort_small_4, layout_basic
D:2:      layout_basic, chequers_ecumenical_altar_simple_redux
D:3:      layout_loops_corners
D:4:      layout_cave_pools, minmay_temple_entry_antechambers, serial_shops,
          shop, first_ration, ebering_ghost_sewer_d,
          nicolae_tso_besieged_by_evil, uniq_sigmund

Skill      XL: |  1  2  3 |
---------------+----------+-----
Maces & Flails | 3 4 |  4.7
Fighting       | |  3.3
Dodging        | |  3.0
Shields        | |  3.0

Action                   |  1- 3 |  4- 6 || total
-------------------------+-------+-------++-------
Melee: Flail             |    74 |    40 ||   114
       Constrict         |    15 |    14 ||    29
       Tentacles         |    11 |    13 ||    24
  Use: Scroll            |     3 |     2 ||     5
       Potion            |       |     3 ||     3
 Stab: Sleeping          |     1 |     5 ||     6
  Eat: Chunk             |     1 |     2 ||     3
Armor: Skin              |     3 |     2 ||     5
Dodge: Dodged            |    30 |    12 ||    42
Block: Shield            |    34 |    18 ||    52

Table legend:
 A = Non-vault XP
 B = Vault XP
 C = Vault XP percentage of total XP
 D = Non-vault monster count
 E = Vault monster count
 F = Vault count percentage of total count
                 A         B        C        D         E       F
            +---------+---------+-------+---------+---------+-------
      Total |     162 |       0 |   0.0 |      61 |       0 |   0.0
            +---------+---------+-------+---------+---------+-------
        D:1 |      30 |       0 |   0.0 |      18 |       0 |   0.0
        D:2 |      91 |       0 |   0.0 |      26 |       0 |   0.0
        D:3 |      38 |       0 |   0.0 |      16 |       0 |   0.0
        D:4 |       3 |       0 |   0.0 |       1 |       0 |   0.0
            +---------+---------+-------+---------+---------+-------
